 Dungeon Crawl Stone Soup version 0.26-a0-771-g060e6a6 (webtiles) character file.

Game seed: 2023762792091140207

7 MrTaco21 the Shield-Bearer (level 2, 0/19 HPs)
             Began as a Gargoyle Fighter on Nov 8, 2020.
             Slain by a kobold
             ... wielding a +0 short sword
              (2 damage)
             ... on level 1 of the Dungeon.
             The game lasted 00:00:22 (148 turns).

MrTaco21 the Shield-Bearer (Gargoyle Fighter)        Turns: 148, Time: 00:00:23

Health: 0/19       AC:  9    Str: 19    XL:     2   Next: 4%
Magic:  2/2        EV:  7    Int:  8    God:
Gold:   24         SH:  9    Dex:  9    Spells: 1/1 levels left

rFire    . . .     SeeInvis .   a - +0 flail
rCold    . . .     Faith    .   c - +0 kite shield
rNeg     + . .     Spirit   .   b - +0 scale mail
rPois    ∞         Reflect  .   (no helmet)
rElec    +         Harm     .   (no cloak)
rCorr    .         Rampage  .   (no gloves)
MR       .....                  (no boots)
Stlth    ..........             (no amulet)
HPRegen  0.06/turn              (no ring)
MPRegen  0.08/turn              (no ring)

@: no status effects
A: negative energy resistance 1, electricity resistance, unbreathing,
petrification resistance, rot immunity, AC +2
a: no special abilities


You were on level 1 of the Dungeon.
You visited 1 branch of the dungeon, and saw 1 of its levels.

You collected 24 gold pieces.

Inventory:

Hand Weapons
 a - a +0 flail (weapon)
Armour
 b - a +0 scale mail (worn)
 c - a +0 kite shield (worn)
 f - a +0 pair of boots
   (You found it on level 1 of the Dungeon)
Scrolls
 e - a scroll of amnesia {unknown}
Potions
 d - a potion of might
 g - a potion of ambrosia {unknown}


   Skills:
 - Level 3.2 Fighting
 + Level 2.7 Maces & Flails
 - Level 3.2 Armour
 - Level 3.2 Shields


You had one spell level left.
You didn't know any spells.
Your spell library was empty.

Dungeon Overview and Level Annotations

Branches:
Dungeon (1/15)

Altars:


Innate Abilities, Weirdness & Mutations

You are resistant to torment.
Your stone body is resilient. (AC +2)
You are immune to poison.
You resist negative energy. (rN+)
You are resistant to electric shocks. (rElec)
You can survive without breathing.
You are immune to petrification.
You are immune to rotting.


Message History

You completely miss the hobgoblin. You block the goblin's attack.
You block the hobgoblin's attack. x2
You closely miss the hobgoblin.
The giant cockroach bites you but does no damage.
The goblin hits you with a +0 club.
* * * LOW HITPOINT WARNING * * *
The hobgoblin hits you with a +0 club.
* * * LOW HITPOINT WARNING * * *
You block the hobgoblin's attack.
The giant cockroach bites you but does no damage.
Unknown command.
You barely miss the giant cockroach. The goblin hits you but does no damage.
You block the giant cockroach's attack. The hobgoblin hits you with a +0 club.
* * * LOW HITPOINT WARNING * * *
The hobgoblin hits you but does no damage.
The giant cockroach bites you but does no damage.
The goblin hits you but does no damage. The hobgoblin barely misses you.
Unknown command.
You closely miss the giant cockroach.
The hobgoblin hits you but does no damage.
You block the giant cockroach's attack. You block the goblin's attack.
The hobgoblin barely misses you. x2
Unknown command.
You hit the giant cockroach.
The giant cockroach bites you but does no damage.
The goblin hits you but does no damage. The hobgoblin barely misses you.
The giant cockroach bites you.
* * * LOW HITPOINT WARNING * * *
You block the hobgoblin's attack.
You sock the giant cockroach!
You kill the giant cockroach!
The goblin hits you but does no damage. The hobgoblin barely misses you.
You block the hobgoblin's attack. The goblin completely misses you.
Unknown command.
The hobgoblin barely misses you.
You see here a giant cockroach corpse.
A kobold comes into view. It is wielding a +0 short sword.
You closely miss the hobgoblin.
The hobgoblin hits you but does no damage.
The kobold hits you but does no damage. You block the hobgoblin's attack.
You barely miss the hobgoblin. The kobold hits you but does no damage.
The hobgoblin hits you but does no damage.
The kobold barely misses you.
You closely miss the hobgoblin. The kobold closely misses you.
The hobgoblin closely misses you.
You hit the hobgoblin.
You kill the hobgoblin!
You have reached level 2!
The kobold hits you with a +0 short sword.
You die...

#......###..###.##..
#.
##......###...##.....
##.
#........##....######
..
#........###....####.
.. #.†......#
##........
#.##........##
####.....
#.#....>.....# ######
#†#.....K....#
#..####@###.##
#.##.†####g# .#
#..[.....†g### .
#.##........$# #
##....()#.#
######.(...# #..#.=..
#....### #.#...


You could see a hobgoblin, a goblin and a kobold.

Vanquished Creatures
  A giant cockroach (D:1)
  A hobgoblin (D:1)
  2 bats (D:1)
  2 kobolds (D:1)
  A rat (D:1)
7 creatures vanquished.

Notes
Turn   | Place    | Note
-------+----------+-------------------------------------------
     0 | D:1      | MrTaco21 the Gargoyle Fighter began the quest for the Orb.
     0 | D:1      | Reached XP level 1. HP: 14/14 MP: 1/1
   148 | D:1      | Reached XP level 2. HP: 1/19 MP: 2/2
   148 | D:1      | Slain by a kobold

Illustrated notes

Levels and vault maps discovered:
D:1:      dpeg_arrival_snail, layout_loops_ring

Action                   || total
-------------------------++-------
Melee: Flail             ||    36
Armor: Scale mail        ||    32
Dodge: Dodged            ||    27
Block: Kite shield       ||    37

Table legend: (Time is in decaauts)
 A = Elapsed time spent in this place.
 B = Non-inter-level travel time spent in this place.
 C = Inter-level travel time spent in this place.
 D = Time resting spent in this place.
 E = Time spent auto-exploring this place.
 F = Levels seen in this place.
 G = Mean time per level.
                   A        B        C        D        E       F      G
               +--------+--------+--------+--------+--------+-----+--------+
         Total |    161 |    161 |      0 |      0 |     97 |   1 |  161.0 |
       Dungeon |    161 |    161 |      0 |      0 |     97 |   1 |  161.0 |
               +--------+--------+--------+--------+--------+-----+--------+

Top non-repeatable levels by time:
     D:1: 161 daAuts
